 Dungeon Crawl Stone Soup version 0.19-a0-1225-gf887c1c (webtiles) character file.

264 MTVSty1e the Skirmisher (level 5, -2/41 HPs)
             Began as a Demonspawn Gladiator on Aug 25, 2016.
             Killed by nerve-wracking pain
             ... invoked by a shadow imp
             ... summoned by Natasha
              (7 damage)
             ... on level 4 of the Dungeon.
             The game lasted 00:06:50 (3052 turns).

MTVSty1e the Skirmisher (Demonspawn Gladiator)      Turns: 3052, Time: 00:06:50

Health: -2/41      AC:  6    Str: 15 (16) XL:     5   Next: 98%
Magic:  0/5        EV:  9    Int:  6 (9)  God:
Gold:   168        SH:  7    Dex: 11 (14) Spells: 0 memorised, 4 levels left

rFire  . . .     SeeInvis .     a - +0 war axe
rCold  . . .     Gourm    .     r - +0 ring mail
rNeg   . . .     Faith    .     m - +0 shield (curse)
rPois  .         Spirit   +     (helmet restricted)
rElec  .         Dismiss  .     (no cloak)
rCorr  .         Reflect  .     l - +0 pair of gloves
MR     .....     Harm     .     (no boots)
Stlth  +.........               (no amulet)
                                (no ring)
                                (no ring)

@: flying
A: antennae 2, magic shield
a: no special abilities


You were on level 4 of the Dungeon.
You were not hungry.

You visited 1 branch of the dungeon, and saw 4 of its levels.

You collected 168 gold pieces.

Inventory:

Hand Weapons
 a - a +0 war axe (weapon)
Missiles
 d - 3 throwing nets (quivered)
Armour
 b - a +0 leather armour
 c - a +0 helmet
 l - a +0 pair of gloves (worn)
 m - a cursed +0 shield (worn)
 r - a +0 ring mail (worn)
Wands
 v - a wand of flame (23/48)
Scrolls
 h - 2 scrolls of recharging {unknown}
 i - 3 scrolls of noise {unknown}
 j - 2 scrolls of remove curse {unknown}
 n - a scroll of enchant weapon
 o - a scroll of fear {unknown}
 s - a scroll of amnesia {unknown}
Potions
 g - 3 potions of curing
Books
 t - a book of Unlife

   Spells                             Type                      Level
   a - Recall                         Summoning/Translocation      3
   b - Animate Dead                   Necromancy                   4
   c - Control Undead                 Necromancy                   4
   d - Cigotuvi's Embrace             Necromancy                   5
   e - Death Channel                  Necromancy                   6
   f - Simulacrum                     Ice/Necromancy               6
Comestibles
 k - a meat ration
 u - a bread ration


   Skills:
 * Level 3.6 Fighting
 + Level 3.6 Axes
 - Level 1.7 Throwing
 + Level 2.1 Armour
 + Level 3.6 Dodging
 + Level 1.5 Shields


You had 4 spell levels left.
You didn't know any spells.

Dungeon Overview and Level Annotations

Branches:
Dungeon (4/15)
 Temple: D:4-7

Altars:
Cheibriados
Sif Muna

Annotations:
D:4 Natasha


Innate Abilities, Weirdness & Mutations

You have a pair of antennae on your head.
When hurt, damage is shared between your health and your magic reserves.


Message History

You slash the shadow imp! You hit the howler monkey.
You kill the howler monkey!
The phantom blinks!
You block the shadow imp's attack.
Natasha mumbles some strange words.
The shadow imp completely misses you.
You miss Natasha.
Natasha is almost dead.
You hit the shadow imp but do no damage.
Natasha closely misses you. The shadow imp closely misses you.
The white imp gestures at you. The puff of frost hits you!
* * * LOW HITPOINT WARNING * * *
Natasha casts a spell at you. You resist with some effort.
You closely miss Natasha.
Natasha is almost dead.
You hit the shadow imp. The shadow imp gestures at you.
Pain shoots through your body!
You die...

..........##
.............###
...............##
................#
.......W........#
...........)†...####
.......§........#..#
......h5.......#..##
.....5†@......#...#
.................##
.............#..##
............#..##
...........#..##
.####..####..## ###
#..[# #...## #...##


You could see a phantom, Natasha, a white imp and a shadow imp.

Vanquished Creatures
  A howler monkey (D:4)
  An orc wizard (D:3)
  Ijyb (D:3)
  2 worker ants
  4 adders
  An ooze (D:1)
  A dart slug (D:3)
  3 giant geckos
  3 orcs (D:3)
  7 bats
  5 giant cockroaches
  13 goblins
  5 hobgoblins (D:2)
  8 jackals
  4 kobolds
  5 quokkas
  A ball python (D:1)
  A giant newt (D:2)
  6 rats
72 creatures vanquished.

Notes
Turn   | Place    | Note
-------+----------+-------------------------------------------
     0 | D:1      | MTVSty1e the Demonspawn Gladiator began the quest for the Orb.
     0 | D:1      | Reached XP level 1. HP: 16/16 MP: 1/1
    62 | D:1      | Gained mutation: When hurt, damage is shared between your health and your magic reserves. [demonic ancestry]
    62 | D:1      | Reached XP level 2. HP: 8/22 MP: 2/2
   814 | D:2      | Reached skill level 1 in Armour
   814 | D:2      | Reached XP level 3. HP: 28/28 MP: 3/3
  1114 | D:2      | Gained mutation: You have a pair of small antennae on your head. [demonic ancestry]
  1114 | D:2      | Reached XP level 4. HP: 25/34 MP: 4/4
  1956 | D:3      | Found a snail-covered altar of Cheibriados.
  2050 | D:3      | Found a deep blue altar of Sif Muna.
  2177 | D:3      | Reached skill level 1 in Shields
  2177 | D:3      | Gained mutation: You have a pair of antennae on your head. [demonic ancestry]
  2177 | D:3      | Reached XP level 5. HP: 19/41 MP: 1/5
  2595 | D:3      | Noticed Ijyb
  2607 | D:3      | Killed Ijyb
  3019 | D:4      | Noticed a phantom
  3035 | D:4      | Noticed Natasha
  3052 | D:4      | Killed from afar by a shadow imp

Vault maps used:
D:1:      sevenhm_arrival_forest_fort_large_4
D:2:      kennysheep_generic_room_7
D:3:      kennysheep_goblin_castle, lemuel_blue_sif_altar, cheibriados_altar_1
D:4:      gammafunk_temple_overflow_elements, vehumet_altar_wand_db,
          minivault_1, uniq_natasha

Skill      XL: |  1  2  3  4  5 |
---------------+----------------+-----
Dodging        | 3 |  3.6
Axes           | 3 |  3.6
Armour         | 1 2 |  2.1
Fighting       | 3 |  3.6
Shields        | 1 |  1.5
Throwing       | |  1.7

Action                   |  1- 3 |  4- 6 || total
-------------------------+-------+-------++-------
Melee: War axe           |   117 |   116 ||   233
Evoke: Wand              |       |     1 ||     1
  Use: Potion            |       |     5 ||     5
       Scroll            |       |     1 ||     1
  Eat: Bread ration      |     1 |       ||     1
       Pizza             |       |     1 ||     1
       Beef jerky        |       |     1 ||     1
Armor: Leather armour    |    36 |    10 ||    46
       Ring mail         |       |    40 ||    40
Dodge: Dodged            |    83 |    55 ||   138
Block: Shield            |     3 |    62 ||    65
